 Dungeon Crawl Stone Soup version 0.30-a0-696-g2367cd04db (webtiles) character file.

Game seed: 1279813578129062783

13290 Newt the Skirmisher (level 12, -3/75 HPs)
             Began as a Kobold Hunter on Jan 20, 2023.
             Was an Elder of Hepliaklqana.
             Slain by a culicivora (18 damage)
             ... on level 2 of the Lair of Beasts.
             The game lasted 00:13:22 (11099 turns).

Newt the Skirmisher (Kobold Hunter)                Turns: 11099, Time: 00:13:22

Health: -3/75      AC: 14    Str: 14    XL:     12   Next: 30%
Magic:  15/15      EV: 17    Int: 10    God:    Hepliaklqana [****..]
Gold:   430        SH:  0    Dex: 22    Spells: 11/11 levels left

rFire   + . .      SeeInvis .    H - +6 shortbow of Mandamus {speed, rC+ rCorr}
rCold   + . .      Faith    .    (shield currently unavailable)
rNeg    + . .      Spirit   .    s - +4 scale mail
rPois   +          Reflect  .    (no helmet)
rElec   .          Harm     .    B - scarf {repulsion}
rCorr   +          Rampage  .    M - +0 pair of gloves
Will    .....                    o - +0 pair of boots
Stlth   ++                       y - amulet of regeneration
HPRegen 1.92/turn                k - ring "Faocwu" {rPois rN+ rCorr Str+4}
MPRegen 0.14/turn                m - ring of protection from fire

@: about to teleport, repel missiles
A: reduced essence, small, no large weapons, nightstalker 3, regeneration 1,
subdued magic 1
a: Renounce Religion, Recall Ancestor, Ancestor Identity, Transference, Idealise


You were on level 2 of the Lair of Beasts.
You worshipped Hepliaklqana.
Hepliaklqana was greatly pleased with you.
You visited 3 branches of the dungeon, and saw 12 of its levels.

You collected 772 gold pieces.
You spent 342 gold pieces at shops.

Inventory:

Hand Weapons
 a - a +1 shortbow of flaming
 H - the +6 shortbow of Mandamus (weapon) {speed, rC+ rCorr}
   (You bought it in a shop on level 8 of the Dungeon)

   rC:        It protects you from cold.
   rCorr:     It protects you from acid and corrosion.
 N - a +2 arbalest of freezing
Missiles
 O - a throwing net
Armour
 c - a +0 leather armour
 o - a +0 pair of boots (worn)
 r - a +0 kite shield
 s - a +4 scale mail (worn)
 B - a scarf of repulsion (worn)
 M - a +0 pair of gloves (worn)
Jewellery
 f - a ring of ice
 k - the ring "Faocwu" (left hand) {rPois rN+ rCorr Str+4}
   (You acquired it on level 3 of the Dungeon)

   [ring of positive energy]

   Str:       It affects your strength (+4).
   rPois:     It protects you from poison.
   rN:        It protects you from negative energy.
   rCorr:     It protects you from acid and corrosion.
 m - a ring of protection from fire (right hand)
 q - a ring of positive energy
 y - an amulet of regeneration (around neck)
 J - an amulet of guardian spirit
 L - a +6 ring of strength
Wands
 j - a wand of iceblast (9)
 A - a wand of flame (36)
 D - a wand of polymorph (9)
 K - a wand of charming (11)
Scrolls
 b - 5 scrolls of immolation
 n - 5 scrolls of teleportation
 p - a scroll of fear
 u - 2 scrolls of poison
 v - a scroll of magic mapping
 C - a scroll of amnesia
 F - 5 scrolls of identify
 G - 3 scrolls of blinking
 I - a scroll of enchant armour {unknown}
Potions
 d - 2 potions of invisibility
 e - 2 potions of mutation
 g - 5 potions of heal wounds
 h - 5 potions of curing
 i - 4 potions of degeneration
 l - 2 potions of lignification
 t - 2 potions of ambrosia
 w - a potion of berserk rage
 x - a potion of magic
 z - 2 potions of haste
 E - 3 potions of might


   Skills:
 - Level 13.0 Fighting
 + Level 13.5 Ranged Weapons
 - Level 6.0 Armour
 - Level 8.0 Dodging
 - Level 1.3 Stealth
 - Level 5.0 Invocations
 - Level 5.0 Evocations


You had 11 spell levels left.
You didn't know any spells.
Your spell library contained the following spells:

 Spells                   Type           Power      Damage    Failure   Level
 Magic Dart               Conj           0%         1d3       77%         1
 Necrotise                Necr           0%         1d4       77%         1
 Sandblast                Erth           0%         2d4       77%         1
 Blink                    Tloc           0%         N/A       89%         2
 Call Imp                 Summ           0%         N/A       89%         2
 Lesser Beckoning         Tloc           0%         N/A       89%         2
 Momentum Strike          Conj/Tloc      0%         3d8       89%         2
 Passwall                 Tmut/Erth      0%         N/A       89%         2
 Gell's Gravitas          Tloc           0%         N/A       98%         3
 Mephitic Cloud           Conj/Pois/Air  0%         N/A       98%         3
 Stone Arrow              Conj/Erth      0%         3d7       98%         3
 Teleport Other           Tloc           0%         N/A       98%         3
 Vampiric Draining        Necr           0%         2d6       98%         3
 Animate Armour           Summ/Erth      0%         N/A       100%        4
 Passage of Golubria      Tloc           0%         N/A       100%        4
 Agony                    Necr           0%         N/A       100%        5
 Silence                  Hex/Air        0%         N/A       100%        5
 Lehudib's Crystal Spear  Conj/Erth      0%         10d2      100%        8


Dungeon Overview and Level Annotations

Branches:
Dungeon (9/15)             Temple (1/1) D:4            Lair (2/5) D:9
 Spider (0/4) Lair:2          Orc (0/2) D:9
  Swamp: Lair:2-3    Shoals: Lair:2-3

Altars:
Cheibriados
Dithmenos
Gozag
Hepliaklqana
Kikubaaqudgha
Makhleb
Okawaru
Qazlal
Ru
Sif Muna
Trog
Uskayaw
Vehumet
Wu Jian
Xom
Yredelemnul
Zin
The Shining One

Shops:
D:6 ?   D:8 (


Innate Abilities, Weirdness & Mutations

Your life essence is reduced to manifest your ancestor. (-10% HP)
You are small and have problems with some larger weapons.
You are completely attuned to the shadows.
Your natural rate of healing is unusually fast.
Your spells are a little easier to cast, but a little less powerful.


Message History

You hear a faint skittering sound.
The culicivora bites you but does no damage.
You shoot an arrow. The arrow hits the culicivora!
You kill the culicivora!
You hear a faint skittering sound.
A culicivora comes into view.
You shoot an arrow. The arrow hits the culicivora!
The culicivora is severely wounded.
The culicivora misses you.
You shoot an arrow. The arrow hits the culicivora!
The culicivora is almost dead.
You hear a faint skittering sound.
The culicivora bites you!
The culicivora draws strength from your injuries!
You shoot an arrow.
The arrow closely misses the culicivora.
The culicivora barely misses you.
The culicivora bites you but does no damage.
The culicivora bites you!!
The culicivora draws strength from your injuries!
You shoot an arrow. The arrow hits the culicivora!
You kill the culicivora!
A culicivora comes into view.
The culicivora bites you.
You shoot an arrow.
The arrow completely misses the culicivora.
The arrow closely misses the culicivora.
The culicivora bites you!
The culicivora draws strength from your injuries!
You are too injured to fight recklessly!
As you read the scroll of teleportation, it crumbles to dust.
You feel strangely unstable. The culicivora bites you.
The culicivora bites you but does no damage.
The culicivora attacks as you move away!
The culicivora bites you!
* * * LOW HITPOINT WARNING * * *
The culicivora draws strength from your injuries!
The culicivora attacks as you move away!
The culicivora closely misses you. The culicivora bites you!!
You die...

#. ## .#.# ...
=.#^# #..
.....#.#..
#.#.#@....
#..ss##..†
##..†## ##
#.....# #†.†.†#
.....# ##...##
...... ##>##
......# ###.#
...>...####...#


You could see 2 culicivoras.

Vanquished Creatures
  Amaemon (D:8)
  Maurice (D:9)
  An orange demon (D:8)
  The ghost of scionoferis the Conjurer, a novice DgCj (D:5)
  A rime drake (D:9)
  A troll (D:9)
  Sigmund (D:4)
  3 culicivoras (Lair:2)
  5 yaks
  Grum (D:8)
  3 steam dragons
  An acid dragon (D:8)
  A water moccasin (Lair:1)
  4 sky beasts
  5 orc warriors
  A black bear (D:8)
  2 ice beasts (D:9)
  2 centaurs
  13 wolves
  7 ogres
  6 kobold brigands
  2 scorpions
  6 bullfrogs
  3 gnoll sergeants
  6 wights
  5 killer bees
  A howler monkey (D:9)
  2 jellies
  5 orc priests
  A gnoll bouda (D:7)
  6 hounds
  Crazy Yiuf (D:4)
  2 iguanas
  8 orc wizards
  Robin (D:2)
  19 gnolls
  10 adders
  4 shadow imps
  2 white imps (D:5)
  3 ufetubi
  2 worms (D:2)
  4 dart slugs
  42 orcs
  4 ball pythons
  5 bats
  7 endoplasms
  4 giant cockroaches
  11 goblins
  11 hobgoblins
  7 jackals
  22 kobolds
  4 quokkas
  4 frilled lizards
  7 rats
282 creatures vanquished.

Vanquished Creatures (collateral kills)
  A centaur warrior (D:8)
  A black mamba (Lair:1)
  A cane toad (Lair:1)
  A komodo dragon (Lair:1)
  4 yaks
  A basilisk (Lair:1)
  A water moccasin (Lair:1)
  A sky beast (D:8)
  2 orc warriors
  A black bear (Lair:1)
  2 ice beasts
  A centaur (D:7)
  2 wolves (Lair:1)
  3 gnoll sergeants (D:9)
  4 wights
  A killer bee (D:9)
  A hound (D:6)
  2 gnolls (D:7)
  An ufetubus (D:7)
  8 orcs
  A kobold (D:6)
40 creatures vanquished.

Vanquished Creatures (others)
  5 knights
5 creatures vanquished.

Grand Total: 327 creatures vanquished

Notes
Turn   | Place    | Note
-------+----------+-------------------------------------------
     0 | D:1      | Newt the Kobold Hunter began the quest for the Orb.
     0 | D:1      | Reached XP level 1. HP: 12/12 MP: 1/1
    80 | D:1      | Reached XP level 2. HP: 18/18 MP: 2/2
   201 | D:1      | Reached XP level 3. HP: 10/23 MP: 3/3
   881 | D:2      | Noticed Robin
   883 | D:2      | Reached XP level 4. HP: 26/30 MP: 4/4
   899 | D:2      | Killed Robin
  1174 | D:2      | Reached skill level 5 in Fighting
  1193 | D:2      | Reached XP level 5. HP: 18/35 MP: 5/5
  1274 | D:2      | Found a snail-covered altar of Cheibriados.
  1675 | D:3      | Identified a scroll of acquirement
  1675 | D:3      | Acquired the ring "Faocwu" {rPois rN+ rCorr Str+4}
  2697 | D:4      | Reached XP level 6. HP: 16/40 MP: 6/6
  2881 | D:4      | Noticed an ogre
  2887 | D:4      | Killed an ogre
  3003 | D:4      | HP: 1/40 [scorpion (4)]
  3369 | D:4      | Found a runed translucent door.
  3372 | D:4      | Noticed Crazy Yiuf
  3380 | D:4      | Killed Crazy Yiuf
  3381 | D:4      | Reached XP level 7. HP: 29/44 MP: 7/7
  3485 | D:4      | Noticed Sigmund
  3768 | D:4      | Killed Sigmund
  3772 | D:4      | Found a staircase to the Ecumenical Temple.
  3789 | Temple   | Entered the Ecumenical Temple
  3872 | Temple   | Became a worshipper of Hepliaklqana the Forgotten
  4329 | D:4      | Reached skill level 5 in Dodging
  4534 | D:4      | Found a shimmering altar of Xom.
  4613 | D:5      | Entered Level 5 of the Dungeon
  4640 | D:5      | Reached XP level 8. HP: 42/51 MP: 8/8
  4743 | D:5      | Found a runed translucent door.
  5177 | D:5      | Found a snail-covered altar of Cheibriados.
  5362 | D:5      | Noticed scionoferis's ghost (novice DgCj)
  5371 | D:5      | Killed scionoferis's ghost
  5407 | D:6      | Reached XP level 9. HP: 33/59 MP: 9/9
  5438 | D:6      | Reached * piety under Hepliaklqana
  5560 | D:6      | Found Tuivaeje's Magic Scroll Emporium.
  5642 | D:6      | Found an ornate altar of the Wu Jian Council.
  5729 | D:6      | Reached skill level 1 in Evocations
  6067 | D:6      | Reached skill level 5 in Evocations
  6067 | D:6      | Reached skill level 1 in Invocations
  6120 | D:6      | Reached ** piety under Hepliaklqana
  6121 | D:6      | Remembered your ancestor Ankhesenamen as a knight
  6607 | D:7      | Gained mutation: Your natural rate of healing is unusually
                  | fast. [potion of mutation]
  6607 | D:7      | Gained mutation: Your spells are a little easier to cast,
                  | but a little less powerful. [potion of mutation]
  7109 | D:7      | Reached skill level 5 in Invocations
  7477 | D:7      | Reached XP level 10. HP: 57/57 MP: 13/13
  7534 | D:7      | Reached skill level 10 in Ranged Weapons
  7722 | D:6      | Bought a scroll of identify for 22 gold pieces
  7722 | D:6      | Bought a scroll of identify for 22 gold pieces
  7722 | D:6      | Bought a scroll of blinking for 82 gold pieces
  7747 | D:8      | Found Jacyschie's Antique Weapon Emporium.
  7753 | D:8      | Bought an ancient shortbow for 216 gold pieces
  7753 | D:8      | Identified the +6 shortbow of Mandamus {speed, rC+ rCorr}
                  | (You bought it in a shop on level 8 of the Dungeon)
  8145 | D:8      | Noticed a centaur warrior
  8150 | D:8      | Killed a centaur warrior
  8342 | D:8      | Noticed Grum
  8371 | D:8      | Killed Grum
  8477 | D:8      | Found a sacrificial altar of Ru.
  8492 | D:8      | Noticed an orange demon
  8498 | D:8      | Killed an orange demon
  8499 | D:8      | Reached XP level 11. HP: 61/61 MP: 14/14
  8532 | D:8      | Noticed Amaemon
  8543 | D:8      | Killed Amaemon
  8544 | D:8      | Reached skill level 5 in Armour
  8551 | D:8      | Found a stormy altar of Qazlal.
  8908 | D:9      | Reached *** piety under Hepliaklqana
  9255 | D:9      | Reached skill level 10 in Fighting
  9263 | D:9      | Found a staircase to the Orcish Mines.
  9413 | D:9      | Noticed Maurice
  9436 | D:9      | Killed Maurice
  9627 | D:9      | Found a staircase to the Lair.
 10059 | Lair:1   | Entered Level 1 of the Lair of Beasts
 10170 | Lair:1   | Reached **** piety under Hepliaklqana
 10362 | Lair:1   | Reached XP level 12. HP: 66/72 MP: 15/15
 11064 | Lair:2   | Found a hole to the Spider Nest.
 11099 | Lair:2   | Slain by a culicivora

Illustrated notes

Levels and vault maps discovered:
D:1:      lemuel_arrival_behind_the_door_large, layout_rooms
D:2:      layout_loops_ring, basic_altar, kennysheep_generic_room_7, uniq_robin
D:3:      layout_loops_corners, st_stairs_7
D:4:      layout_basic, mainiacjoe_overflow_concentric_impassable,
          minmay_temple_entry_stoned_glass, lightli_minifort,
          uniq_crazy_yiuf_cottage, uniq_sigmund
D:5:      layout_cave_pools, cheibriados_altar_1, ebering_ghost_reflecting_pool
D:6:      layout_basic, nicolae_wu_jian_wuxing_cycle, nicolae_take_the_stairs,
          minivault_22
D:7:      layout_basic
D:8:      minmay_the_grid_octo_tiled_squarecenter
          [minmay_the_grid_octo_checkerflower, minmay_the_grid_octo_empty,
          minmay_the_grid_octo_empty, minmay_the_grid_octo_fat_diamond,
          minmay_the_grid_square_5x5_megaprize_hollow,
          minmay_the_grid_square_5x5_eight,
          minmay_the_grid_square_5x5_tetrominoes,
          minmay_the_grid_square_5x5_slash, minmay_the_grid_square_5x5_inner_i],
          layout_loops_cross, nicolae_overflow_crystal_walls,
          nicolae_qazlal_scattered_showers, serial_shops, nicolae_stop_n_shop_1,
          minmay_misc_feat_iff, uniq_amaemon, uniq_grum
D:9:      layout_grid_maze, hellmonk_lair_entry_icy,
          kennysheep_orc_monster_closet_entryway, uniq_maurice
Temple:   nicolae_temple_ecumenical_triangle
Lair:1:   layout_hall_layers
Lair:2:   layout_roguey, hellmonk_spider_entry_life_and_decay,
          serial_bayou_pond_a

Skill      XL: |  1  2  3  4  5  6  7  8  9 10 11 12 |
---------------+-------------------------------------+-----
Fighting       | 3 4 5 8 11 13 | 13.0
Ranged Weapons | 7 8 9 13 | 13.5
Dodging        | 5 7 8 |  8.0
Evocations     | 5 |  5.0
Invocations    | 5 |  5.0
Armour         | 4 6 |  6.0
Stealth        | |  1.3

Action                   |  1- 3 |  4- 6 |  7- 9 | 10-12 || total
-------------------------+-------+-------+-------+-------++-------
Melee: Shortbow          |       |       |       |     1 ||     1
 Fire: Shortbow          |    97 |   166 |   244 |   476 ||   983
Invok: Ancestor Life: Kn |       |       |     1 |       ||     1
  Use: Scroll            |     1 |    11 |     6 |     4 ||    22
       Potion            |       |     3 |     1 |       ||     4
Armor: Leather armour    |    21 |    22 |       |       ||    43
       Scale mail        |       |       |    75 |    33 ||   108
Dodge: Dodged            |    53 |    68 |   159 |   168 ||   448
       Repelled          |       |       |       |     1 ||     1

Table legend: (Time is in decaauts)
 A = Elapsed time spent in this place.
 B = Non-inter-level travel time spent in this place.
 C = Inter-level travel time spent in this place.
 D = Time resting spent in this place.
 E = Time spent auto-exploring this place.
 F = Levels seen in this place.
 G = Mean time per level.
                   A        B        C        D        E       F      G
               +--------+--------+--------+--------+--------+-----+--------+
         Total |  11108 |  10676 |    432 |    891 |   8223 |  12 |  925.7 |
       Dungeon |  10002 |   9612 |    390 |    891 |   7294 |   9 | 1111.3 |
        Temple |     96 |     72 |     24 |      0 |     65 |   1 |   96.0 |
          Lair |   1008 |    991 |     17 |      0 |    864 |   2 |  504.0 |
               +--------+--------+--------+--------+--------+-----+--------+

Top non-repeatable levels by time:
     D:4: 1576 daAuts
     D:3: 1290 daAuts
     D:6: 1249 daAuts
     D:2: 1200 daAuts
     D:9: 1170 daAuts
     D:7: 1131 daAuts
     D:8: 1052 daAuts
  Lair:1: 944 daAuts
     D:5: 817 daAuts
     D:1: 515 daAuts
  Temple: 96 daAuts
  Lair:2: 63 daAuts
